 Dungeon Crawl Stone Soup version 0.30.1 (webtiles) character file.

Game seed: 12465065592293041432

77 monsoonserge the Chiller (level 4, -2/32 HPs)
             Began as a Gnoll Ice Elementalist on July 12, 2023.
             Slain by Grinder (8 damage)
             ... on level 3 of the Dungeon.
             The game lasted 00:05:36 (1573 turns).

monsoonserge the Chiller (Gnoll Ice Elementalist)   Turns: 1573, Time: 00:05:37

Health: -2/32      AC: 11    Str:  7    XL:     4   Next: 34%
Magic:  7/11       EV: 12    Int: 16    God:
Gold:   151        SH:  4    Dex: 13    Spells: 6/13 levels left

rFire   + + .        f - +0 flail
rCold   . . .        a - +0 buckler
rNeg    . . .        w - +1 robe {rF+}
rPois   .            (no helmet)
rElec   .            h - +0 cloak
rCorr   .            (no gloves)
SInv    .            (no boots)
Will    .....        (no amulet)
Stlth   +++          i - ring of wizardry
HPRegen 0.25/turn    j - ring of protection from fire
MPRegen 0.12/turn

%: wizardry (x1)
@: ice-armoured
A: fangs 1, strong nose, distributed training
a: no special abilities


You were on level 3 of the Dungeon.
You visited 1 branch of the dungeon, and saw 3 of its levels.

You collected 151 gold pieces.

Inventory:

Hand Weapons
 f - a +0 flail (weapon)
Missiles
 k - 3 poisoned darts
 t - 4 boomerangs (quivered)
Armour
 a - a +0 buckler (worn)
 h - a +0 cloak (worn)
 o - a +0 chain mail
 w - a +1 robe of fire resistance (worn)
 x - a +0 scale mail
Magical Staves
 n - the staff of air "Zoxeustyv" {rElec rN+ Str+3}
   (You found it on level 2 of the Dungeon)

   [staff of air]

   Base accuracy: +5 Base damage: 5 Base attack delay: 1.2 This weapon's minimum
   attack delay (0.6) is reached at skill level 12.
   Str:       It affects your strength (+3).
   rElec:     It insulates you from electricity.
   rN:        It protects you from negative energy.
   It falls into the 'Staves' category.
   It is a one-handed weapon.
Jewellery
 i - a ring of wizardry (left hand)
 j - a ring of protection from fire (right hand)
Scrolls
 c - a scroll of butterflies {unknown}
 d - 3 scrolls of identify {unknown}
 e - a scroll of immolation {unknown}
 g - a scroll of noise {unknown}
 m - 2 scrolls of silence {unknown}
Potions
 b - a potion of magic
 l - a potion of haste {unknown}
 p - a potion of attraction {unknown}
 q - a potion of mutation {unknown}
 r - 3 potions of curing {unknown}
 s - a potion of brilliance {unknown}
 u - a potion of resistance {unknown}
 v - 2 potions of degeneration {unknown}


   Skills:
 + Level 1.1 Fighting
 + Level 1.1 Short Blades
 + Level 1.1 Long Blades
 + Level 1.1 Axes
 + Level 1.1 Maces & Flails
 + Level 1.1 Polearms
 + Level 1.1 Staves
 + Level 1.1 Ranged Weapons
 + Level 1.1 Throwing
 + Level 1.1 Armour
 + Level 4.6 Dodging
 + Level 4.2 Stealth
 + Level 1.1 Shields
 + Level 1.1 Unarmed Combat
 + Level 5.1 Spellcasting
 + Level 0.9 Conjurations
 + Level 0.9 Hexes
 + Level 0.9 Summonings
 + Level 0.9 Necromancy
 + Level 0.9 Translocations
 + Level 0.9 Transmutations
 + Level 0.9 Fire Magic
 + Level 7.1 Ice Magic
 + Level 0.9 Air Magic
 + Level 0.9 Earth Magic
 + Level 0.9 Poison Magic
 + Level 1.2 Invocations
 + Level 1.1 Evocations


You had 6 spell levels left.
You knew the following spells:

 Your Spells              Type           Power      Damage    Failure   Level
a - Freeze                Ice            100%       1d10      1%          1
b - Frozen Ramparts       Ice            52%        1d8       1%          3
c - Ozocubu's Armour      Ice            26%        N/A       1%          3

Your spell library contained the following spells:

 Spells                   Type           Power      Damage    Failure   Level
 Summon Ice Beast         Ice/Summ       17%        N/A       19%         4


Dungeon Overview and Level Annotations

Branches:
Dungeon (3/15)

Altars:
Elyvilon

Annotations:
D:3 Grinder


Innate Abilities, Weirdness & Mutations

You have very sharp teeth.
Your uncanny sense of smell can sniff out nearby items.
Your experience applies equally to all skills.


Message History

Press: ? - help, Q - select action, (/) - cycle Shift-Dir - straight line, f/p - Grinder
Aim: Grinder (lightly wounded, 52% to hit)
You throw a boomerang.
The boomerang hits Grinder but does no damage.
Grinder is lightly wounded.
Throw: 5 boomerangs
Press: ? - help, Q - select action, (/) - cycle Shift-Dir - straight line, f/p - Grinder
Aim: Grinder (lightly wounded, 52% to hit)
You throw a boomerang. The boomerang closely misses Grinder.
Grinder gestures at you. Pain shoots through your body!
Casting: Freeze (safe; 1% risk of failure)
Confirm with . or Enter, or press ? or * to list all spells.
Okay, then.
You hit Grinder.
Grinder is moderately wounded.
Grinder closely misses you.
You barely miss Grinder.
Grinder is moderately wounded.
Grinder closely misses you. Grinder hits you but does no damage.
You hit Grinder but do no damage. You bite Grinder, but do no damage.
Grinder is moderately wounded.
Grinder hits you.
You closely miss Grinder. You bite Grinder, but do no damage.
Grinder is moderately wounded.
Grinder hits you but does no damage. Grinder gestures at you.
Pain shoots through your body!
* * * LOW HITPOINT WARNING * * *
Unknown command.
You barely miss Grinder. You bite Grinder, but do no damage.
Grinder is moderately wounded.
Grinder barely misses you.
You sock Grinder!
Grinder is heavily wounded.
Grinder hits you but does no damage.
You closely miss Grinder.
Grinder is heavily wounded.
Grinder hits you!
You die...

# ####.# ## #.# .## ###
#.# ..## ##.###.# ∆ .
...####...##.#######...
...'...................
...####..........###.
..## ##.#.#.###5# .##
###.#.# #@# ## #.#.#
#.# # .....# #.# .#.###
#.# ####.#.### #.# ###
#P.≈.≈P...∆..# ..#
#.#≈.≈#.# ### ..#
#PP≈.≈P.# ..###P.≈.≈..#


You could see Grinder.

Vanquished Creatures
  Jessica (D:2)
  2 adders
  A worm (D:2)
  4 ball pythons
  2 bats
  4 endoplasms
  2 giant cockroaches (D:1)
  A goblin (D:1)
  3 hobgoblins
  5 kobolds
  2 quokkas
  2 frilled lizards (D:1)
  A rat (D:1)
30 creatures vanquished.

Notes
Turn   | Place    | Note
-------+----------+-------------------------------------------
     0 | D:1      | monsoonserge the Gnoll Ice Elementalist began the quest for
                  | the Orb.
     0 | D:1      | Reached XP level 1. HP: 13/13 MP: 6/6
   120 | D:1      | Reached XP level 2. HP: 15/19 MP: 3/7
   585 | D:2      | Reached skill level 5 in Spellcasting
   585 | D:2      | Reached XP level 3. HP: 25/25 MP: 5/9
   595 | D:2      | Learned a level 3 spell: Frozen Ramparts
   599 | D:2      | Learned a level 3 spell: Ozocubu's Armour
   634 | D:2      | Identified the staff of air "Zoxeustyv" {rElec rN+ Str+3}
   810 | D:2      | Reached skill level 1 in Invocations
  1233 | D:2      | Noticed Jessica
  1242 | D:2      | Killed Jessica
  1243 | D:2      | Reached skill level 1 in Fighting
  1243 | D:2      | Reached skill level 1 in Short Blades
  1243 | D:2      | Reached skill level 1 in Long Blades
  1243 | D:2      | Reached skill level 1 in Axes
  1243 | D:2      | Reached skill level 1 in Maces & Flails
  1243 | D:2      | Reached skill level 1 in Polearms
  1243 | D:2      | Reached skill level 1 in Staves
  1243 | D:2      | Reached skill level 1 in Ranged Weapons
  1243 | D:2      | Reached skill level 1 in Throwing
  1243 | D:2      | Reached skill level 1 in Armour
  1243 | D:2      | Reached skill level 1 in Shields
  1243 | D:2      | Reached skill level 1 in Unarmed Combat
  1243 | D:2      | Reached skill level 1 in Evocations
  1243 | D:2      | Reached XP level 4. HP: 30/32 MP: 8/11
  1413 | D:3      | Found a white marble altar of Elyvilon.
  1547 | D:3      | Noticed Grinder
  1554 | D:3      | Paralysed by Grinder for 4 turns
  1560 | D:3      | Paralysed by Grinder for 4 turns
  1573 | D:3      | Slain by Grinder

Illustrated notes

Levels and vault maps discovered:
D:1:      dpeg_arrival_houses_and_road, layout_rooms
D:2:      layout_basic, uniq_jessica
D:3:      layout_loops_corners, marbit_many_paths, nicolae_elyvilon_temple_path,
          serial_shops, nicolae_shop_hallway_stairs, kennysheep_generic_room_13,
          uniq_grinder

Skill      XL: |  1  2  3 |
---------------+----------+-----
Spellcasting   | 5 |  5.1
Invocations    | 1 |  1.2
Fighting       | 1 |  1.1
Short Blades   | 1 |  1.1
Long Blades    | 1 |  1.1
Axes           | 1 |  1.1
Maces & Flails | 1 |  1.1
Polearms       | 1 |  1.1
Staves         | 1 |  1.1
Ranged Weapons | 1 |  1.1
Throwing       | 1 |  1.1
Armour         | 1 |  1.1
Shields        | 1 |  1.1
Unarmed Combat | 1 |  1.1
Evocations     | 1 |  1.1
Dodging        | |  4.6
Stealth        | |  4.2
Conjurations   | |  0.9
Hexes          | |  0.9
Summonings     | |  0.9
Necromancy     | |  0.9
Translocations | |  0.9
Transmutations | |  0.9
Fire Magic     | |  0.9
Ice Magic      | |  7.1
Air Magic      | |  0.9
Earth Magic    | |  0.9
Poison Magic   | |  0.9

Action                     |  1- 3 |  4- 6 || total
---------------------------+-------+-------++-------
  Melee: Short sword       |     2 |       ||     2
         Flail             |    14 |    15 ||    29
         Bite              |       |     4 ||     4
  Throw: Boomerang         |     1 |     5 ||     6
   Cast: Freeze            |    24 |     2 ||    26
         Ozocubu's Armour  |       |     1 ||     1
         Frozen Ramparts   |       |     1 ||     1
   Stab: Sleeping          |     8 |     1 ||     9
 Armour: Robe              |     1 |     4 ||     5
         Leather armour    |     1 |       ||     1
  Dodge: Dodged            |    18 |     7 ||    25
  Block: Buckler           |       |     1 ||     1
